 Dungeon Crawl Stone Soup version 0.26-a0-651-gb41185065b (webtiles) character file.

Game seed: 8459714060103766721

95915 Flugslaktarn the Severer (level 15, -3/148 HPs)
             Began as a Deep Dwarf Fighter on Oct 6, 2020.
             Was the Champion of Makhleb.
             Slain by a naga warrior
             ... wielding a +0 halberd
              (20 damage)
             ... on level 3 of the Snake Pit.
             The game lasted 00:11:45 (13669 turns).

Flugslaktarn the Severer (Deep Dwarf Fighter)      Turns: 13669, Time: 00:11:46

Health: -3/148     AC: 37    Str: 30    XL:     15   Next: 67%
Magic:  19/19 (9)  EV:  3    Int: 15    God:    Makhleb [******]
Gold:   1009       SH: 18    Dex: 12    Spells: 14/14 levels left

rFire    . . .     SeeInvis +   s - +12 war axe of Veikiac {holy, Str+5 SInv}
rCold    . . .     Faith    .   R - +0 tower shield
rNeg     + . .     Spirit   .   y - +4 crystal plate armour
rPois    .         Reflect  .   I - +3 hat of Pondering {ponderous, MR+ MP+10 Int+5}
rElec    .         Harm     .   P - +2 cloak {MR+}
rCorr    .         Rampage  .   l - +0 pair of gloves
MR       +++++                  v - +0 pair of boots
Stlth    ..........             D - amulet of the acrobat
HPRegen  0.00/turn              j - +4 ring of slaying
MPRegen  0.16/turn              m - ring of protection from magic

@: lethally poisoned (-3 -> -45), non-regenerating, constricted, studying
Fighting, slow
A: damage resistance, heal wounds, negative energy resistance 1, sense
surroundings 2, no regeneration
a: Heal Wounds, Minor Destruction, Lesser Servant of Makhleb, Major Destruction,
Greater Servant of Makhleb, Renounce Religion


You were on level 3 of the Snake Pit.
You worshipped Makhleb.
Makhleb was exalted by your worship.
You visited 5 branches of the dungeon, and saw 24 of its levels.
You also visited: Ossuary and Bailey.

You collected 2190 gold pieces.
You spent 1181 gold pieces at shops.

Inventory:

Hand Weapons
 s - the +12 war axe of Veikiac (weapon) {holy, Str+5 SInv}
   (You found it on level 11 of the Dungeon)

   It has been blessed by the Shining One to cause great damage to the undead
   and demons.
   It affects your strength (+5).
   It lets you see invisible.
 E - a +2 trident of distortion
   (You took it off an orc warrior on level 12 of the Dungeon)
 M - a +7 executioner's axe of venom
   (You found it in a bailey)
Missiles
 G - 2 throwing nets (quivered)
Armour
 c - a +0 kite shield
 f - a +0 helmet
   (You found it on level 4 of the Dungeon)
 l - a +0 pair of gloves (worn)
   (You found it on level 5 of the Dungeon)
 v - a +0 pair of boots (worn)
   (You found it on level 11 of the Dungeon)
 y - a +4 crystal plate armour (worn)
   (You found it on level 7 of the Dungeon)
 I - the +3 hat of Pondering (worn) {ponderous, MR+ MP+10 Int+5}
   (You took it off Gastronok on level 9 of the Dungeon)

   It affects your intelligence (+5).
   It affects your resistance to hostile enchantments.
   It affects your magic capacity (+10).
 P - a +2 cloak of magic resistance (worn)
   (You found it on level 1 of the Lair of Beasts)
 R - a +0 tower shield (worn)
   (You took it off Louise on level 1 of the Snake Pit)
Jewellery
 a - a +6 ring of strength
   (You found it on level 9 of the Dungeon)
 j - a +4 ring of slaying (left hand)
   (You found it on level 4 of the Dungeon)
 m - a ring of protection from magic (right hand)
   (You found it on level 15 of the Dungeon)
 D - an amulet of the acrobat (around neck)
   (You found it on level 1 of the Lair of Beasts)
Wands
 i - a wand of enslavement (25)
   (You found it on level 4 of the Dungeon)
 A - a wand of acid (8)
   (You found it on level 6 of the Dungeon)
 B - a wand of paralysis (10)
   (You took it off Pikel on level 7 of the Dungeon)
Scrolls
 b - a scroll of vulnerability
 g - 4 scrolls of fear
 p - a scroll of fog
 r - 9 scrolls of identify
 t - 4 scrolls of teleportation
 u - 2 scrolls of immolation
 x - 4 scrolls of remove curse
 z - 5 scrolls of blinking
 C - a scroll of magic mapping
 H - a scroll of acquirement {unknown}
 Q - a scroll of enchant armour
 S - a scroll of enchant weapon
Potions
 d - 3 potions of might
 e - 7 potions of lignification
 h - 4 potions of haste
 k - 2 potions of invisibility
 n - 3 potions of resistance
 o - 4 potions of magic
 q - 5 potions of curing
 w - a potion of mutation {unknown}
 K - 3 potions of berserk rage
 L - a potion of flight
 N - 2 potions of cancellation
 O - 6 potions of heal wounds
Books
 J - a manual of Fighting
   (You found it in a bailey)
Miscellaneous
 F - a condenser vane (1/2)
   (You found it on level 13 of the Dungeon)


   Skills:
 + Level 13.6 Fighting
 * Level 15.6 Axes
 * Level 15.3 Armour
 - Level 7.6 Dodging
 + Level 8.0 Shields
 + Level 12.9 Invocations
 - Level 10.0 Evocations


You had 14 spell levels left.
You didn't know any spells.
Your spell library was empty.

Dungeon Overview and Level Annotations

Branches:
Dungeon (15/15)            Temple (1/1) D:5            Lair (3/6) D:8
  Swamp (0/4) Lair:3        Snake (3/4) Lair:3          Orc (2/2) D:12
    Elf (0/3) Orc:2        Vaults (0/5) D:13         Depths (0/5) D:15
Ossuary (visited)          Bailey (visited)

Altars:
Ashenzari
Cheibriados
Dithmenos
Elyvilon
Fedhas
Gozag
Hepliaklqana
Kikubaaqudgha
Makhleb
Nemelex Xobeh
Okawaru
Qazlal
Ru
Sif Muna
Trog
Uskayaw
Vehumet
Wu Jian
Xom
Yredelemnul
Zin
The Shining One

Shops:
D:10 *   Orc:1 (   Orc:2 !**}

Portals:
Sewer: D:4

Annotations:
Snake:1 2 transporters


Innate Abilities, Weirdness & Mutations

You are resistant to damage.
You can heal yourself by infusing magical energy.
You resist negative energy. (rN+)
You passively map the area around you.
You do not regenerate.


Message History

Aim: a naga sharpshooter, wielding a +0 arbalest and quivering 7 bolts (poison gas)
The bolt of acid hits the naga sharpshooter!
The naga sharpshooter is splashed with acid.
The naga sharpshooter is lightly wounded.
The bolt of acid hits the naga warrior!
The naga warrior is splashed with acid.
The acid corrodes the naga warrior!
The naga warrior is lightly wounded.
The bolt of acid misses the black mamba.
* * * LOW HITPOINT WARNING * * *
You feel very sick. You block the naga warrior's attack.
The guardian serpent hits you but does no damage.
The nagaraja points at you and mumbles some strange words.
The lance of force hits you.
* * * LOW HITPOINT WARNING * * *
You are knocked back by the lance of force.
You slam into the rock wall!
* * * LOW HITPOINT WARNING * * *
The naga warrior hits you with a +0 halberd!!
You die...

###.###,,..... , , ,
..#...###...# * ,, ,, ,*
, * ....)†......## ** ,
, .............. * * , *
..........### , * *
....#....## # ,
....##...#### §###§ *,
#....###...N######NS§§§§
* ,, #...
##.....§N@NNS.☼○§,* ##.>
###...§NSNS§.... ,
,!.........§§NS§..... ,*
##.........§§○)..... ,
####.##########./.. ##*
*####


You could see 3 naga warriors, a nagaraja (fast, catching breath), a naga
sharpshooter, a mana viper, a guardian serpent, 3 black mambas and 3 nagas.

Vanquished Creatures
  Jorgrun (Snake:1)
  Gastronok (D:9)
  A nagaraja (Snake:2)
  A fire giant (D:15)
  Louise (Snake:1)
  Azrael (Snake:1)
  2 ogre magi
  6 naga warriors
  Harold (D:9)
  A catoblepas (Lair:2)
  A hydra (D:14)
  3 centaur warriors
  5 anacondas
  8 two-headed ogres
  3 shock serpents
  A tengu warrior (D:15)
  10 naga sharpshooters
  A deep elf knight (D:13)
  3 sea snakes (Snake:3)
  4 skeletal warriors (D:13)
  2 unseen horrors
  2 naga ritualists
  3 orc knights
  7 mana vipers
  Pikel (D:7)
  5 salamanders
  4 cyclopes
  6 ugly things
  A manticore (D:11)
  An orc sorcerer (Orc:2)
  3 deep elf magi (D:13)
  4 guardian serpents
  7 naga magi
  16 black mambas
  An elephant (D:8)
  Joseph (D:9)
  Psyche (D:9)
  7 centaur skeletons
  2 gargoyles
  3 cane toads
  A cane toad (shapeshifter) (D:15)
  Maggie (Lair:2)
  An efreet (D:15)
  2 komodo dragons
  A freezing wraith (D:14)
  8 trolls
  4 blink frogs (Lair:3)
  6 hippogriffs
  A dream sheep (D:10)
  A shadow (D:13)
  2 fire elementals (Snake:1)
  A centaur simulacrum (D:15)
  24 yaks
  3 basilisks
  A wraith (D:12)
  4 fire bats (D:12)
  4 humans (D:8)
  4 vampire mosquitoes (D:15)
  2 acid dragons
  17 nagas
  3 hell hounds
  A soldier ant (D:10)
  5 water moccasins
  3 sky beasts
  7 porcupines
  2 phantoms
  3 ice beasts
  4 black bears
  46 orc warriors
  14 ogres
  6 wolves (Lair:3)
  26 centaurs
  2 lemures (D:7)
  9 crocodiles
  4 big kobolds
  7 bullfrogs
  A water moccasin zombie (D:5)
  A wyvern skeleton (D:14)
  3 scorpions
  7 killer bees
  15 wights
  A howler monkey (D:4)
  5 centaur zombies
  2 lava snakes (D:12)
  A bullfrog zombie (D:7)
  5 jellies
  15 orc priests
  6 hounds
  5 bullfrog skeletons
  2 iguanas
  7 worker ants
  20 orc wizards
  A big kobold zombie (Ossuary)
  A hound zombie (D:5)
  2 hound skeletons
  2 mummies (Ossuary)
  A worker ant zombie (D:5)
  8 adders
  A howler monkey skeleton (D:7)
  A white imp (D:5)
  3 ufetubi (D:5)
  An adder zombie (Ossuary)
  4 worms
  2 dart slugs (D:4)
  5 leopard geckos
  111 orcs
  6 giant cockroaches
  2 hobgoblins
  8 jackals
  5 quokkas
  A bat (D:2)
  2 goblin zombies (Ossuary)
  11 hobgoblin zombies (Ossuary)
  A jackal skeleton (D:4)
  2 jackal zombies (Ossuary)
  20 kobolds
  11 kobold zombies (Ossuary)
  A leopard gecko skeleton (D:7)
  7 orc zombies (Ossuary)
  2 rats
  2 fire vortices (D:12)
682 creatures vanquished.

Vanquished Creatures (collateral kills)
  A hydra (Lair:2)
  2 centaurs (Bailey)
  2 orc warriors (Bailey)
  3 orcs (Bailey)
8 creatures vanquished.

Vanquished Creatures (others)
  4 dream sheep (D:10)
  A naga (Snake:2)
  An orc warrior (Bailey)
  A fire vortex (D:12)
  15 fungi
  9 plants
31 creatures vanquished.

Grand Total: 721 creatures vanquished

Notes
Turn   | Place    | Note
-------+----------+-------------------------------------------
     0 | D:1      | Flugslaktarn the Deep Dwarf Fighter began the quest for the
                  | Orb.
     0 | D:1      | Reached XP level 1. HP: 20/20 MP: 1/1
   128 | D:2      | Reached XP level 2. HP: 20/27 MP: 2/2
   249 | D:3      | Reached XP level 3. HP: 15/34 MP: 3/3
   316 | D:4      | Reached XP level 4. HP: 29/42 MP: 3/3
   384 | D:4      | Noticed an ogre
   398 | D:4      | Killed an ogre
   398 | D:4      | Reached XP level 5. HP: 34/50 MP: 3/3
   484 | D:5      | Entered Level 5 of the Dungeon
   501 | D:5      | Found a shadowy altar of Dithmenos.
   828 | D:4      | Found a glowing drain.
   856 | D:4      | Reached XP level 6. HP: 36/57 MP: 4/4
   938 | D:5      | Found a staircase to the Ecumenical Temple.
   994 | Temple   | Entered the Ecumenical Temple
  1130 | Temple   | Became a worshipper of Makhleb the Destroyer
  1419 | D:5      | Reached skill level 1 in Invocations
  1419 | D:5      | Reached skill level 1 in Evocations
  1528 | D:5      | Reached XP level 7. HP: 47/66 MP: 5/5
  1585 | D:5      | Found a shimmering altar of Xom.
  1652 | D:5      | Reached skill level 5 in Axes
  2055 | D:5      | Reached skill level 5 in Fighting
  2351 | D:6      | Reached skill level 5 in Armour
  2351 | D:6      | Reached skill level 5 in Shields
  2395 | D:6      | Reached XP level 8. HP: 57/74 MP: 4/6
  2399 | D:6      | Reached * piety under Makhleb
  2548 | D:6      | Found a snail-covered altar of Cheibriados.
  2611 | D:6      | Found a hazy altar of Hepliaklqana.
  2794 | D:7      | Found a shimmering blue altar of Sif Muna.
  2952 | D:7      | Found a sand-covered staircase.
  2956 | Ossuary  | Entered an ossuary
  3017 | Ossuary  | Reached ** piety under Makhleb
  3172 | D:7      | Noticed a cyan ugly thing
  3190 | D:7      | Killed a cyan ugly thing
  3311 | D:7      | Noticed Pikel
  3331 | D:7      | Killed Pikel
  3331 | D:7      | Gained mutation: You passively map the area around you.
                  | [Deep Dwarf growth]
  3331 | D:7      | Reached XP level 9. HP: 85/85 MP: 7/7
  3348 | D:7      | Found a snail-covered altar of Cheibriados.
  3904 | D:8      | Reached *** piety under Makhleb
  3946 | D:8      | Noticed an elephant
  3971 | D:8      | Killed an elephant
  3971 | D:8      | Reached skill level 5 in Invocations
  4020 | D:8      | Reached XP level 10. HP: 50/94 MP: 9/9
  4021 | D:8      | Found a staircase to the Lair.
  4045 | D:8      | Found a stormy altar of Qazlal.
  4336 | D:8      | Found a sparkling altar of Nemelex Xobeh.
  4336 | D:8      | Found an ancient bone altar of Kikubaaqudgha.
  4436 | D:9      | Noticed Harold
  4458 | D:9      | Killed Harold
  4626 | D:9      | Reached **** piety under Makhleb
  4637 | D:9      | Found a sparkling altar of Nemelex Xobeh.
  4676 | D:9      | Noticed Joseph
  4677 | D:9      | Noticed Gastronok
  4697 | D:9      | Killed Joseph
  4714 | D:9      | Killed Gastronok
  4884 | D:9      | Found a flagged portal.
  4893 | Bailey   | Entered a bailey
  5012 | Bailey   | Reached XP level 11. HP: 104/104 MP: 10/10
  5172 | Bailey   | Reached skill level 10 in Axes
  5225 | Bailey   | Reached ***** piety under Makhleb
  5455 | D:9      | Noticed Psyche
  5457 | D:9      | Killed Psyche
  5552 | D:10     | Entered Level 10 of the Dungeon
  5664 | D:10     | Reached skill level 1 in Dodging
  5678 | D:10     | Found a shimmering altar of Xom.
  5724 | D:10     | Found Azugren's Assorted Antiques.
  6272 | D:11     | Found a stormy altar of Qazlal.
  6299 | D:11     | Reached skill level 10 in Armour
  6304 | D:11     | Got a fine war axe
  6305 | D:11     | Identified the +12 war axe of Veikiac {holy, Str+5 SInv}
                  | (You found it on level 11 of the Dungeon)
  6498 | D:11     | Reached ****** piety under Makhleb
  6622 | D:11     | Noticed an unseen horror
  6632 | D:11     | Killed an unseen horror
  6890 | D:12     | Noticed a purple ugly thing
  6898 | D:12     | Killed a purple ugly thing
  6908 | D:12     | Reached XP level 12. HP: 116/116 MP: 12/12
  6911 | D:12     | Reached skill level 10 in Fighting
  7322 | D:12     | Noticed a two-headed ogre
  7330 | D:12     | Killed a two-headed ogre
  7377 | D:12     | Found a staircase to the Orcish Mines.
  7951 | D:13     | Noticed a centaur warrior
  7957 | D:13     | Killed a centaur warrior
  8038 | D:13     | Reached skill level 5 in Dodging
  8205 | D:13     | Noticed a two-headed ogre
  8209 | D:13     | Reached skill level 10 in Invocations
  8215 | D:13     | Killed a two-headed ogre
  8215 | D:13     | Reached XP level 13. HP: 115/127 MP: 14/14
  8229 | D:13     | Reached skill level 5 in Evocations
  8241 | D:13     | Found a gate to the Vaults.
  9281 | D:15     | Entered Level 15 of the Dungeon
  9467 | D:15     | Found a staircase to the Depths.
  9467 | D:15     | Noticed a fire giant
  9574 | D:15     | Killed a fire giant
 10140 | Orc:1    | Entered Level 1 of the Orcish Mines
 10254 | Orc:1    | Found Kurrawyu's Antique Weapon Emporium.
 10677 | Orc:2    | Entered Level 2 of the Orcish Mines
 10677 | Orc:2    | Found a burning altar of Makhleb.
 10718 | Orc:2    | Gained mutation: You resist negative energy. (rN+) [Deep
                  | Dwarf growth]
 10718 | Orc:2    | Reached XP level 14. HP: 132/138 MP: 12/12
 10799 | Orc:2    | Found a staircase to the Elven Halls.
 11050 | Orc:2    | Found Caiba's Assorted Antiques.
 11050 | Orc:2    | Found Xuciugh's General Store.
 11052 | Orc:2    | Found Gaokaim's Gadget Boutique.
 11054 | Orc:2    | Found Liwer's Distillery.
 11068 | Orc:2    | Bought an embroidered cloak for 255 gold pieces
 11081 | Orc:2    | Bought a scroll labeled TEWI ROURAICO for 34 gold pieces
 11107 | Orc:2    | Bought 2 potions of resistance for 300 gold pieces
 11107 | Orc:2    | Bought a potion of heal wounds for 75 gold pieces
 11107 | Orc:2    | Bought a potion of haste for 150 gold pieces
 11107 | Orc:2    | Bought a potion of cancellation for 120 gold pieces
 11265 | D:10     | Bought a scroll of blinking for 247 gold pieces
 11332 | Lair:1   | Entered Level 1 of the Lair of Beasts
 11508 | Lair:2   | Found a bloodstained altar of Trog.
 11746 | Lair:2   | Noticed Maggie
 11754 | Lair:2   | Killed Maggie
 12386 | Lair:3   | Found a staircase to the Snake Pit.
 12559 | Lair:3   | Found a blossoming altar of Fedhas.
 12593 | Lair:3   | Found a staircase to the Swamp.
 12656 | Snake:1  | Entered Level 1 of the Snake Pit
 12660 | Snake:1  | Noticed Jorgrun
 12675 | Snake:1  | Killed Jorgrun
 12726 | Snake:1  | Noticed Azrael
 12734 | Snake:1  | Killed Azrael
 12869 | Snake:1  | Reached XP level 15. HP: 92/146 MP: 14/14
 12890 | Snake:1  | Reached skill level 15 in Axes
 12900 | Snake:1  | HP: 4/147 [naga sharpshooter/bolt (10)]
 13228 | Snake:1  | Found a transporter.
 13280 | Snake:1  | Found a transporter.
 13320 | Snake:1  | Noticed Louise
 13339 | Snake:1  | Killed Louise
 13380 | Snake:2  | Noticed a nagaraja
 13396 | Snake:2  | Killed a nagaraja
 13396 | Snake:2  | Reached skill level 15 in Armour
 13643 | Snake:3  | Noticed a nagaraja
 13653 | Snake:3  | Reached skill level 10 in Evocations
 13669 | Snake:3  | Slain by a naga warrior

Illustrated notes

Levels and vault maps discovered:
D:1:      dpeg_arrival_tiny_a, layout_basic, moated_statue
D:2:      layout_loops_ring, minivault_26, okawaru_gym_becter
D:3:      layout_basic, overflow_temple_1_default, bh_walls_and_bars, uniq_ijyb
D:4:      layout_cave_pools, cheibrodos_sewer_entry_bend
D:5:      minmay_clustersquares, layout_layer_cave, kennysheep_mini_moat,
          minmay_temple_entry_gardened_gates, grunt_dithmenos_smoke_and_mirrors
D:6:      layout_rooms, basic_altar, lemuel_statue_altar
D:7:      layout_cave_pods, kennysheep_mini, basic_altar, enter_ossuary_5,
          uniq_pikel
D:8:      layout_cave_pools, lemuel_crystal_altar,
          amethyst_overflow_temple_binary, david_lair_generic, minmay_ruffians
D:9:      layout_roguey, enter_bailey_2, nemelex_spade_bored_becter,
          uniq_psyche, uniq_gastronok, uniq_harold, uniq_joseph
D:10:     layout_basic, serial_shops, shop, kb_xom_exploding_sheep
D:11:     layout_cave_pools, special_room [special_room_orc],
          nicolae_qazlal_eye_of_the_storm
D:12:     layout_loops_ring, david_orc_1_choice, hangedman_incinerator
D:13:     layout_irregular_city, hangedman_vaults_entry_quadrant_bands
D:14:     layout_stronghold, minmay_splitting_lines, minmay_starry_boxes
D:15:     grunt_enter_depths_giant_problem, layout_loops_ring,
          gauntlet_entry_generic
Temple:   nicolae_temple_elliptical
Lair:1:   layout_cave_pods, ldierk_geyser
Lair:2:   layout_chaotic_city, basic_altar, chequers_serial_rivers_small_3,
          uniq_maggie
Lair:3:   layout_chaotic_city, swamp_mist, dummy_snake_entry, basic_altar,
          st_stairs_3, eino_small_chamber_without_monster, beast_lair_carwin_6
Snake:1:  gammafunk_its_a_trap, layout_onion_interference, grunt_ministairs_1,
          nicolae_snake_shapes, uniq_azrael, uniq_jorgrun, uniq_louise
Snake:2:  layout_onion, basic_altar, lemuel_fruit_tree
Snake:3:  layout_onion_interference, serial_shops, nicolae_shop_trees,
          serial_bayou_ford_a
Orc:1:    layout_caves, serial_shops, shop, nicolae_orc_crystal_geode
Orc:2:    st_orc_rangers, layout_caves, bloody_makhleb

Skill      XL: |  1  2  3  4  5  6  7  8  9 10 11 12 13 14 15 |
---------------+----------------------------------------------+-----
Fighting       | 3 4 5 6 7 8 9 11 12 13 | 13.6
Axes           | 3 4 5 7 8 9 11 12 13 14 15 | 15.6
Armour         | 4 5 6 7 9 10 12 13 14 15 | 15.3
Shields        | 4 5 6 7 8 |  8.0
Invocations    | 1 2 4 5 7 8 10 11 12 | 12.9
Evocations     | 1 2 3 4 7 8 10 | 10.0
Dodging        | 3 5 7 |  7.6

Action                   |  1- 3 |  4- 6 |  7- 9 | 10-12 | 13-15 || total
-------------------------+-------+-------+-------+-------+-------++-------
Melee: War axe           |    67 |    90 |   303 |   567 |   600 ||  1627
       Executioner's axe |       |       |       |    80 |   124 ||   204
Invok: Lesser Servant of |       |       |       |       |     1 ||     1
 Abil: Heal Wounds       |     1 |     5 |    15 |     8 |    29 ||    58
Evoke: Wand              |       |       |       |     3 |     2 ||     5
       Condenser vane    |       |       |       |       |     2 ||     2
  Use: Potion            |     1 |       |       |     1 |     5 ||     7
       Scroll            |       |     3 |     1 |    17 |    10 ||    31
 Stab: Distracted        |       |       |       |     1 |     2 ||     3
Armor: Scale mail        |    19 |    35 |    59 |       |       ||   113
       Crystal plate arm |       |       |   196 |   556 |   691 ||  1443
       Chain mail        |       |       |     1 |       |       ||     1
Dodge: Dodged            |    17 |    29 |    68 |   134 |   289 ||   537
Block: Kite shield       |    38 |    48 |   197 |   366 |   305 ||   954
       Tower shield      |       |       |       |       |   117 ||   117

Table legend: (Time is in decaauts)
 A = Elapsed time spent in this place.
 B = Non-inter-level travel time spent in this place.
 C = Inter-level travel time spent in this place.
 D = Time resting spent in this place.
 E = Time spent auto-exploring this place.
 F = Levels seen in this place.
 G = Mean time per level.
                   A        B        C        D        E       F      G
               +--------+--------+--------+--------+--------+-----+--------+
         Total |  14531 |  13497 |   1034 |    139 |   9404 |  26 |  558.9 |
       Dungeon |  10110 |   9321 |    789 |     85 |   6890 |  15 |  674.0 |
        Temple |    170 |    136 |     34 |      0 |    128 |   1 |  170.0 |
          Lair |   1456 |   1378 |     78 |     40 |    984 |   3 |  485.3 |
     Snake Pit |   1025 |    973 |     52 |     14 |    481 |   3 |  341.7 |
  Orcish Mines |   1085 |   1006 |     79 |      0 |    788 |   2 |  542.5 |
       Ossuary |    191 |    191 |      0 |      0 |    101 |   1 |  191.0 |
        Bailey |    491 |    491 |      0 |      0 |     31 |   1 |  491.0 |
               +--------+--------+--------+--------+--------+-----+--------+

Top non-repeatable levels by time:
     D:5: 1269 daAuts
    D:12: 1234 daAuts
     D:7: 913 daAuts
    D:14: 834 daAuts
  Lair:2: 813 daAuts
     D:9: 812 daAuts
    D:10: 811 daAuts
    D:13: 790 daAuts
    D:15: 754 daAuts
 Snake:1: 733 daAuts
    D:11: 700 daAuts
     D:4: 648 daAuts
   Orc:1: 604 daAuts
     D:8: 591 daAuts
  Bailey: 491 daAuts
